Map: [ESL] Inside and Out

Players

RagnaroK (SHIN) - Winner!

  • Race: Zerg Zerg
  • Spawn Location: 7:00

HeroMarine

  • Race: Terran Terran
  • Spawn Location: 1:00

Event: DreamHack SC2 Masters 2022 Atlanta (Offline)

VOD

Have the link to the VOD?

Description

Time

  • Played on: Nov. 19, 2022, 11:25 a.m.
  • Length: 13:11

All games in this series

Show
View Real Time Build Order
Export as new Build Order

RagnaroK Zerg - Winner!

Build Orders: Hatch First 

Get SALT Encoding   

  12  0:00  Drone  
  13  0:12  Overlord  
  13  0:17  Drone  
  14  0:30  Drone x2  
  16  0:47  Hatchery  
  15  0:51  Drone  
  15  0:55  Drone  
  17  0:58  Drone  
  18  1:09  Extractor  
  17  1:13  Spawning Pool  
  17  1:16  Drone  
  17  1:19  Drone  
  18  1:29  Drone  
  19  1:39  Drone  
  20  1:54  Drone  
  20  1:59  Queen x2  
  20  2:00  Zergling x4  
  27  2:09  Overlord  
  27  2:10  Drone  
  28  2:21  Hatchery  
  27  2:24  Drone  
  27  2:28  Drone  
  29  2:31  Drone  
  29  2:32  Drone  
  30  2:42  Queen  
  32  2:46  Metabolic Boost  
  32  2:50  Overlord  
  32  2:55  Drone x2  
  32  2:56  Drone  
  35  3:08  Queen  
  35  3:09  Drone x3  
  35  3:12  Drone x2  
  42  3:16  Overlord  
  42  3:18  Drone  
  43  3:28  Overlord  
  43  3:32  Queen  
  45  3:35  Drone  
  45  3:36  Zergling x4  
  45  3:39  Queen  
  45  3:41  Drone  
  51  3:46  Queen  
  51  3:47  Drone  
  54  3:49  Drone  
  54  3:50  Drone  
  54  3:51  Drone  
  54  3:53  Drone  
  58  3:57  Overlord  
  58  3:59  Drone  
  58  4:00  Drone  
  58  4:02  Drone  
  61  4:08  Queen, Drone  
  61  4:09  Drone  
  65  4:16  Drone x4  
  69  4:20  Queen  
  69  4:21  Drone  
  69  4:22  Drone  
  73  4:25  Overlord  
  73  4:29  Overlord  
  73  4:32  Lair  
  73  4:35  Extractor  
  73  4:36  Extractor  
  73  4:37  Spore Crawler  
  73  4:38  Spore Crawler  
  69  4:39  Spore Crawler  
  69  4:44  Drone, Overlord  
  69  4:45  Drone x2  
  71  4:46  Drone  
  71  4:47  Drone x2  
  71  4:49  Drone  
  71  4:52  Drone x2  
  77  4:53  Drone  
  77  4:55  Drone x2  
  77  4:57  Drone  
  81  5:02  Baneling Nest  
  81  5:03  Drone, Overlord  
  81  5:05  Drone, Extractor  
  81  5:06  Drone  
  81  5:08  Drone  
  81  5:09  Drone  
  81  5:11  Drone x2  
  85  5:16  Drone x3  
  85  5:17  Drone  
  89  5:23  Drone x2  
  89  5:25  Extractor x2  
  89  5:30  Zergling x6  
  89  5:31  Overseer  
  91  5:36  Drone x3  
  91  5:42  Drone x2  
  96  5:43  Drone, Hatchery, Overlord  
  96  5:47  Centrifugal Hooks  
  96  5:51  Spire  
  96  5:52  Overlord  
  96  5:56  Overlord  
  95  5:59  Overlord  
  95  6:01  Evolution Chamber x2  
  93  6:04  Zergling x6  
  93  6:05  Zergling x6  
  93  6:09  Overlord  
  99  6:11  Zergling x8  
  99  6:15  Zergling x8  
  107  6:20  Zergling x2  
  107  6:24  Zergling x4  
  110  6:31  Zergling x6  
  108  6:36  Overlord  
  108  6:39  Zerg Ground Armor Level 1, Zerg Melee Weapons Level 1  
  108  6:42  Drone x2  
  108  6:46  Drone  
  111  6:47  Overlord  
  111  6:49  Overlord  
  110  6:56  Drone  
  110  6:58  Drone  
  112  7:02  Mutalisk x9  
  112  7:04  Mutalisk  
  131  7:13  Drone x2  
  131  7:14  Zergling x2  
  131  7:15  Zergling x10  
  132  7:18  Drone x3  
  132  7:19  Spore Crawler, Baneling x2  
  132  7:20  Baneling x7  
  134  7:23  Drone  
  134  7:26  Pneumatized Carapace  
  134  7:29  Drone x3  
  138  7:31  Zergling x4  
  138  7:35  Drone  
  138  7:36  Hatchery  
  138  7:39  Zergling x12  
  144  7:48  Drone x3  
  144  7:51  Overlord  
  145  7:54  Overlord  
  145  7:58  Overlord x2  
  145  7:59  Mutalisk x5  
  145  8:02  Overlord  
  155  8:06  Overlord  
  155  8:07  Zergling x8  
  155  8:09  Overseer x2  
  155  8:10  Overseer  
  155  8:12  Zergling x6  
  162  8:15  Baneling x4  
  162  8:20  Zergling x4  
  162  8:22  Baneling x5  
  162  8:24  Zergling x6  
  165  8:31  Zergling x2  
  165  8:32  Zergling x14  
  147  8:41  Zergling x2  
  147  8:42  Zerg Melee Weapons Level 2  
  147  8:43  Baneling x4  
  147  8:44  Zergling x2  
  147  8:45  Zergling x4  
  151  8:53  Zergling x8  
  151  8:54  Zerg Ground Armor Level 2  
  145  9:00  Zergling x22  
  145  9:02  Baneling x3  
  148  9:03  Baneling x2  
  148  9:04  Zergling x2  
  148  9:06  Zergling x2  
  148  9:09  Zergling x2  
  141  9:11  Zergling x2  
  141  9:15  Zergling x4  
  141  9:18  Baneling x8  
  141  9:19  Zergling x2  
  141  9:21  Zergling x4  
  141  9:24  Zergling x12  
  150  9:28  Zergling x10  
  150  9:30  Baneling x6  
  155  9:32  Overseer  
  155  9:34  Zergling x4  
  152  9:40  Zergling x2  
  152  9:41  Zergling x4  
  152  9:43  Zergling x4  
  148  9:50  Zergling x6  
  148  9:51  Zergling x2  
  150  9:55  Zergling x8  
  150  9:59  Zergling x6  
  136  10:01  Mutalisk x3  
  136  10:02  Mutalisk  
  136  10:06  Mutalisk  
  138  10:07  Drone x3  
  138  10:09  Drone x4  
  138  10:11  Zergling x6  
  138  10:12  Zergling x4  
  150  10:16  Hatchery  
  150  10:17  Baneling x4  
  150  10:18  Zergling x4  
  150  10:20  Baneling x4  
  151  10:23  Zergling x10  
  151  10:25  Drone  
  151  10:27  Drone  
  158  10:29  Baneling x5  
  158  10:31  Zergling x8  
  158  10:34  Drone  
  163  10:36  Zergling x2  
  163  10:38  Zergling x4  
  163  10:39  Baneling x6  
  163  10:41  Zergling x4  
  163  10:42  Zergling x4  
  170  10:44  Zergling x2, Spore Crawler  
  170  10:47  Drone x6  
  175  10:50  Baneling x6  
  175  10:51  Zergling x10, Hatchery  
  175  10:53  Baneling x3  
  175  10:55  Zergling x4  
  182  11:00  Zergling x10  
  169  11:06  Drone  
  169  11:07  Drone x2  
  169  11:09  Drone  
  164  11:11  Zergling x6  
  164  11:13  Zergling x2  
  164  11:15  Baneling x11  
  164  11:18  Drone x7  
  171  11:19  Zergling x8  
  173  11:28  Zergling x14  
  182  11:33  Infestation Pit  
  182  11:34  Zergling x4  
  182  11:39  Baneling x7  
  179  11:40  Zergling x6  
  179  11:41  Zergling x8  
  179  11:44  Zergling x6  
  179  11:46  Zergling x4  
  189  11:52  Hatchery  
  183  11:55  Zergling x10  
  183  12:00  Zergling x10  
  181  12:02  Overseer  
  181  12:06  Mutalisk x3  
  185  12:11  Mutalisk  
  185  12:12  Zergling x4  
  185  12:13  Zergling x8  
  187  12:17  Zergling x2  
  187  12:18  Zergling x8  
  187  12:22  Overlord  
  192  12:25  Baneling x7  
  192  12:26  Overlord  
  192  12:27  Overlord  
  192  12:29  Overlord  
  192  12:30  Zergling x6  
  194  12:39  Zergling x12  
  195  12:44  Zergling x2  
  195  12:45  Zergling x8  
  186  12:54  Zergling x8  
Show
View Real Time Build Order
Export as new Build Order

HeroMarine Terran 

Build Orders: Reaper Expand, Hellion Banshee 

Get SALT Encoding   

  12  0:00  SCV  
  13  0:12  SCV  
  14  0:17  Supply Depot  
  14  0:24  SCV  
  15  0:38  SCV  
  15  0:39  Barracks  
  15  0:42  Refinery  
  16  0:50  SCV  
  17  1:02  SCV  
  18  1:14  SCV  
  19  1:26  Reaper  
  19  1:27  Orbital Command  
  20  1:38  Command Center  
  20  1:48  Supply Depot  
  20  1:52  SCV  
  21  1:58  Marine  
  22  2:04  SCV  
  23  2:12  Factory  
  23  2:14  Refinery  
  23  2:16  SCV  
  23  2:20  Barracks Reactor  
  24  2:28  SCV  
  25  2:40  SCV  
  27  2:53  SCV, Orbital Command  
  27  2:59  Starport  
  27  3:03  Hellion x2  
  31  3:05  SCV, Barracks Tech Lab  
  32  3:18  SCV  
  32  3:19  SCV  
  34  3:20  Supply Depot  
  34  3:24  Hellion x2  
  38  3:30  SCV  
  38  3:31  SCV  
  40  3:42  SCV, Banshee, Cloaking Field  
  40  3:43  SCV  
  40  3:46  Supply Depot  
  40  3:48  Hellion x2  
  49  3:51  Marine  
  50  3:56  SCV x2  
  52  4:08  SCV x2  
  54  4:12  Command Center  
  54  4:15  Barracks Tech Lab  
  54  4:20  SCV x2  
  56  4:25  Supply Depot, Banshee, Factory Reactor  
  59  4:32  SCV x2  
  59  4:34  Stimpack  
  61  4:39  Barracks  
  61  4:44  SCV  
  62  4:45  Barracks  
  62  4:47  SCV, Marine  
  64  4:56  Engineering Bay  
  64  4:57  SCV  
  64  4:58  Engineering Bay  
  64  4:59  SCV  
  66  5:04  Marine  
  67  5:09  SCV  
  67  5:11  SCV  
  69  5:16  Starport Reactor  
  69  5:17  Refinery  
  69  5:18  Refinery  
  69  5:21  SCV, Factory Reactor  
  70  5:24  SCV, Terran Infantry Armor Level 1, Terran Infantry Weapons Level 1  
  70  5:27  Supply Depot, Orbital Command  
  71  5:28  Marine  
  71  5:29  Marine  
  71  5:33  SCV  
  74  5:36  SCV, Marine  
  74  5:41  Barracks  
  76  5:43  Barracks  
  76  5:45  SCV  
  76  5:48  SCV, Marine  
  79  5:51  Supply Depot  
  79  5:52  Marine x2  
  79  5:53  Orbital Command  
  81  5:57  SCV, Medivac, Marine  
  81  5:59  Medivac  
  81  6:00  SCV  
  81  6:03  Widow Mine  
  81  6:04  Widow Mine  
  92  6:09  SCV  
  93  6:12  Supply Depot, SCV  
  93  6:15  Supply Depot  
  93  6:16  Marine x2  
  96  6:20  Marine x2  
  96  6:21  Marine  
  96  6:22  SCV  
  96  6:23  SCV  
  101  6:31  SCV  
  91  6:34  SCV  
  91  6:35  SCV, Marine x2  
  91  6:36  Combat Shield  
  91  6:38  Barracks Reactor x2, Marine x2  
  95  6:40  Marine  
  95  6:43  SCV  
  95  6:46  Supply Depot, SCV  
  98  6:48  Supply Depot, SCV  
  98  6:53  Medivac, Marine x2  
  103  6:55  SCV, Medivac  
  103  6:56  Marine  
  103  6:58  SCV  
  103  7:01  Widow Mine x2  
  112  7:02  SCV, Marine  
  112  7:07  SCV  
  115  7:11  Marine x2  
  115  7:15  Armory, Marine x3  
  113  7:16  Marine x2  
  113  7:20  Marine x2  
  113  7:21  Supply Depot  
  113  7:22  Widow Mine x2  
  122  7:23  Medivac  
  122  7:25  Refinery, Medivac  
  122  7:28  Marine  
  122  7:29  Marine  
  128  7:30  Supply Depot  
  128  7:31  Supply Depot  
  128  7:33  Marine x2  
  130  7:38  Marine x3  
  130  7:39  Marine x2  
  130  7:44  Missile Turret, Widow Mine x2  
  135  7:45  Missile Turret  
  135  7:47  Marine x2  
  135  7:49  Factory  
  133  7:52  Missile Turret  
  133  7:54  Marine x2  
  133  7:55  Marine  
  136  7:59  Marine x3  
  136  8:05  Widow Mine x2, Marine x2  
  144  8:06  Supply Depot  
  144  8:10  Marine  
  144  8:11  Medivac  
  144  8:12  Medivac, Terran Infantry Weapons Level 2, Marine x2  
  151  8:19  Terran Infantry Armor Level 2  
  151  8:21  Marine  
  151  8:25  Marine x2  
  154  8:33  Widow Mine  
  154  8:34  Thor, Widow Mine  
  152  8:35  Marine x2  
  152  8:37  Command Center, Marine  
  152  8:41  Marine x3  
  153  8:42  Marine  
  153  8:43  Marine x2  
  158  8:53  Marine x2  
  158  8:54  Marine  
  144  8:58  Marine  
  144  8:59  Marine x3  
  144  9:00  Marine x2  
  144  9:06  Widow Mine x2  
  142  9:11  Marine x2  
  142  9:12  Marine  
  142  9:16  Marine x2  
  139  9:17  Medivac x2, Marine x2  
  139  9:18  Marine x2  
  139  9:19  Drilling Claws  
  139  9:23  Thor  
  152  9:26  SCV x2  
  152  9:28  Marine  
  152  9:29  Marine  
  156  9:31  Marine  
  156  9:34  Widow Mine x2, Marine x2  
  156  9:35  Marine x2  
  156  9:37  Marine  
  162  9:38  Marine  
  139  9:46  Marine x2  
  139  9:49  Marine  
  139  9:52  Marine x2  
  141  9:55  Widow Mine x2, Marine  
  141  9:58  Marine  
  141  9:59  Marine  
  132  10:04  Marine x2  
  132  10:05  SCV x2  
  132  10:06  SCV, Widow Mine  
  132  10:07  Marine x2  
  125  10:08  Medivac x2  
  125  10:10  Marine  
  125  10:13  Marine  
  125  10:14  Marine  
  134  10:15  Marine  
  134  10:16  Widow Mine  
  134  10:17  Widow Mine  
  139  10:23  Marine x3  
  139  10:24  Marine  
  139  10:25  Marine  
  139  10:28  Widow Mine, Marine  
  147  10:30  Missile Turret  
  147  10:37  Marine x2  
  147  10:38  Widow Mine x2  
  147  10:41  Marauder, Marine x3  
  158  10:48  Thor, Medivac x2  
  166  10:50  Marine x3  
  166  10:55  Barracks  
  169  11:04  Marine  
  146  11:11  SCV x2  
  146  11:14  Marine x2  
  146  11:18  Marine x2  
  143  11:19  Marine x2  
  143  11:21  Orbital Command  
  143  11:22  Marine x2  
  143  11:24  Widow Mine x2  
  147  11:29  Supply Depot  
  147  11:32  Supply Depot  
  143  11:36  Command Center  
  143  11:40  Medivac, Marine x4  
  149  11:49  Medivac, Marine x4  
  149  11:50  Marine x2  
  150  11:58  Marine x4  
  141  12:02  Widow Mine  
  141  12:03  SCV x2, Widow Mine  
  141  12:06  Marine x4  
  141  12:08  Marine x2  
  151  12:14  Missile Turret  
  145  12:15  Missile Turret, Marine x3  
  145  12:18  Widow Mine  
  145  12:21  Marine  
  150  12:24  Widow Mine x2, Marine x4  
  150  12:27  Marine  
  155  12:33  Marine x3  
  158  12:38  Marine  
  158  12:42  Marine x3  
  160  12:44  Marine  
  160  12:45  Marine  
  160  12:48  Marine  
  155  12:51  Marine  
  155  12:53  Marine  
Tags
 
Add a new tag
Caveats
  • Supply blocks, unpowered buildings, or Contaminate may cause inaccurate times.
  • Supply counts are checked every 10 seconds.